AoeStats
← b站江条

Arabia

507348472Analyzed
1v1 RM · 14d ago on Sep 17, 2026· 40m 29s· 2 players
Game mode
Random Map
Map size
Tiny (2 player)
Population
200
Speed
Normal
Resources
Standard
Victory
Conquest
Starting age
Dark Age
Ending age
Imperial Age
RankedLock teamsTeams togetherTeam positionsShared explorationLock speedFull tech treeHidden civsTurbo modeCheats
Victory
Defeat
🇨🇳 Maya · China
1405
+19
🇦🇷 Maya · Argentina
1462
-19
b站江条
0:25 Loom
8:29 Feudal Age
9:18 Double-Bit Axe
13:19 Town Watch
14:23 Fletching
17:46 Wheelbarrow
23:07 Castle Age
22:07 Padded Archer Armor
22:05 Gold Mining
22:51 Horse Collar
23:14 Crossbowman
23:55 Bodkin Arrow
27:39 Heavy Plow
27:52 Bow Saw
28:03 Leather Archer Armor
27:59 Thumb Ring
32:30 Stone Mining
33:17 Hand Cart
33:35 Ballistics
38:02 Imperial Age
39:08 Conscription
39:16 Guilds
38:58 Arbalester
39:39 Bracer
40:10 Ring Archer Armor
39:29 Treadmill Crane
40:59 Chemistry
40:11 Town Patrol
41:13 Two-Man Saw
41:40 Stone Shaft Mining
eltomooo
0:25 Loom
9:00 Feudal Age
10:40 Double-Bit Axe
15:06 Wheelbarrow
16:23 Fletching
18:02 Horse Collar
21:18 Castle Age
21:25 Eagle Warrior
22:06 Squires
22:08 Scale Mail Armor
22:28 Gold Mining
24:12 Chain Mail Armor
28:51 Forging
28:39 Bodkin Arrow
39:49 Imperial Age
38:02 Padded Archer Armor
40:54 Bracer
Connection lost

Rejoining the realm…

Still unreachable

The connection could not be restored.

Session expired

The server has moved on; the page needs a fresh start.